AoeStats
← maimadana

Arabia

509392419Analyzed
1v1 RM · 7d ago on Sep 26, 2026· 44m 46s· 2 players
Game mode
Random Map
Map size
Tiny (2 player)
Population
200
Speed
Normal
Resources
Standard
Victory
Conquest
Starting age
Dark Age
Ending age
Imperial Age
RankedLock teamsTeams togetherTeam positionsShared explorationLock speedFull tech treeHidden civsTurbo modeCheats
Victory
Defeat
🇨🇿 Britons · Czechia
870
+26
🇬🇧 Celts · United Kingdom
867
-40
Felxion
8:23 Loom
10:52 Feudal Age
13:40 Horse Collar
15:12 Fletching
22:39 Forging
22:32 Scale Mail Armor
22:20 Double-Bit Axe
24:31 Stone Mining
27:50 Castle Age
26:38 Gold Mining
29:23 Iron Casting
29:03 Chain Mail Armor
28:15 Pikeman
28:41 Gambesons
30:07 Bow Saw
30:01 Heavy Plow
34:45 Ballistics
38:20 Stronghold
41:37 Imperial Age
39:43 Wheelbarrow
38:54 Town Watch
39:22 Murder Holes
39:53 Elite Skirmisher
42:33 Bodkin Arrow
43:06 Masonry
45:16 Chemistry
maimadana
5:39 Loom
6:10 Loom
10:40 Feudal Age
11:07 Double-Bit Axe
14:22 Horse Collar
14:44 Fletching
22:50 Castle Age
21:43 Gold Mining
22:27 Forging
22:23 Scale Barding Armor
23:37 Husbandry
26:09 Gold Shaft Mining
25:49 Bow Saw
30:24 Heavy Plow
31:51 Iron Casting
33:42 Crossbowman
35:39 Chain Barding Armor
38:17 Imperial Age
36:27 Bodkin Arrow
36:32 Padded Archer Armor
40:30 Bracer
40:46 Leather Archer Armor
40:54 Stone Mining
42:26 Blast Furnace
41:28 Arbalester
45:30 Chemistry
44:51 Ballistics
Connection lost

Rejoining the realm…

Still unreachable

The connection could not be restored.

Session expired

The server has moved on; the page needs a fresh start.